 Dungeon Crawl Stone Soup version 0.24.1-14-gf8d2b509d9 (webtiles) character file.

Game seed: 872543504505030692, levelgen mode: deterministic

148 Hugehornet the Covert (level 5, -1/34 HPs)
             Began as an Octopode Assassin on May 19, 2020.
             Slain by an ice beast (5 damage)
             ... on level 3 of the Dungeon.
             The game lasted 00:03:28 (2645 turns).

Hugehornet the Covert (Octopode Assassin)           Turns: 2645, Time: 00:03:29

Health: -1/34      AC:  1    Str: 11    XL:     5   Next: 30%
Magic:  14/14      EV: 13    Int: 14    God:
Gold:   134        SH:  0    Dex: 13    Spells: 4/4 levels left

rFire    . . .     SeeInvis .   a - +2 dagger
rCold    . . .     Gourm    .   (no shield)
rNeg     . . .     Faith    .   (helmet restricted)
rPois    .         Spirit   .   (no amulet)
rElec    .         Reflect  .   (no ring)
rCorr    .         Harm     .   j - ring of magical power
MR       .....                  (no ring)
Stlth    +++++.....             (no ring)
HPRegen  0.11/turn              (no ring)
MPRegen  0.14/turn              (no ring)
                                (no ring)
                                (no ring)

@: no status effects
A: almost no armour, stealthy swim, amphibious, 8 rings, constrict 8, camouflage
1, gelatinous body 1
a: no special abilities


You were on level 3 of the Dungeon.
You were not hungry.

You visited 1 branch of the dungeon, and saw 3 of its levels.

You collected 134 gold pieces.

Inventory:

Hand Weapons
 a - a +2 dagger (weapon)
Missiles
 b - 13 poisoned darts (quivered)
 c - 2 curare-tipped darts
 k - 3 atropa-tipped darts
Armour
 h - a +0 buckler
Jewellery
 j - a ring of magical power (right tentacle)
Wands
 f - a wand of acid (9)
Scrolls
 d - a scroll of fog {unknown}
 g - 2 scrolls of identify
 i - a scroll of immolation
 m - a scroll of remove curse
Potions
 e - 5 potions of curing
 l - a potion of might {unknown}
 o - a potion of flight {unknown}
Comestibles
 n - a ration


   Skills:
 - Level 2.0 Fighting
 + Level 3.4 Short Blades
 - Level 2.0 Throwing
 - Level 1.0 Dodging
 * Level 8.0 Stealth


You had 4 spell levels left.
You didn't know any spells.
Your spell library was empty.

Dungeon Overview and Level Annotations

Branches:
Dungeon (3/15)

Altars:
Uskayaw


Innate Abilities, Weirdness & Mutations

You cannot wear most types of armour.
You are very stealthy in the water. (Stealth+)
You are amphibious.
You can wear up to eight rings at the same time.
You can use your tentacles to constrict eight enemies at once.
Your skin changes colour to match your surroundings (Stealth+).
Your rubbery body absorbs attacks. (AC +1, EV +1)


Message History

The ice beast barely misses you.
You hit the ice beast.
The ice beast is lightly wounded.
The ice beast hits you. The ice beast freezes you.
You hit the ice beast but do no damage.
The ice beast is lightly wounded.
The ice beast hits you. The ice beast freezes you.
You hit the ice beast but do no damage.
You squeeze the ice beast, but do no damage.
The ice beast is lightly wounded.
You closely miss the ice beast. You squeeze the ice beast.
The ice beast is moderately wounded.
The ice beast hits you. The ice beast freezes you!
* * * LOW HITPOINT WARNING * * *
You barely miss the ice beast.
The ice beast is moderately wounded.
The ice beast hits you.
* * * LOW HITPOINT WARNING * * *
The ice beast freezes you.
You die...

####...>.........≈
#####......######≈
...........#
.....##.##.#####
####..[#........
###.#.#######
#...#
#.#########.##
#....Y@.....#
#############


You could see an ice beast.

Vanquished Creatures
  7 gnolls
  3 adders
  An ooze (D:2)
  2 worms
  3 leopard geckos
  An orc (D:3)
  3 giant cockroaches
  3 goblins
  4 hobgoblins (D:1)
  8 kobolds
  4 bats
  A frilled lizard (D:2)
  6 rats
46 creatures vanquished.

Notes
Turn   | Place    | Note
-------+----------+-------------------------------------------
     0 | D:1      | Hugehornet the Octopode Assassin began the quest for the
                  | Orb.
     0 | D:1      | Reached XP level 1. HP: 14/14 MP: 1/1
   208 | D:1      | Reached XP level 2. HP: 19/19 MP: 2/2
   580 | D:1      | Reached skill level 6 in Stealth
   761 | D:2      | Reached XP level 3. HP: 23/24 MP: 3/3
   844 | D:2      | Found a hide-covered altar of Uskayaw.
   849 | D:2      | Noticed a +0 hand axe
   850 | D:2      | Noticed a +0 hand axe
  1353 | D:2      | Reached XP level 4. HP: 19/29 MP: 4/4
  1425 | D:2      | Reached skill level 7 in Stealth
  2273 | D:3      | Reached XP level 5. HP: 27/34 MP: 5/5
  2527 | D:3      | Reached skill level 8 in Stealth
  2636 | D:3      | Noticed an ice beast
  2645 | D:3      | Slain by an ice beast

Levels and vault maps discovered:
D:1:      psy_arrival_statuary, layout_loops_ring, minmay_crystal_water,
          minmay_misc_feat_columns
D:2:      layout_rooms, dancing_weapons_uskayaw
D:3:      layout_loops_ring, first_ration, serial_rivers,
          chequers_serial_rivers_micro_a, chequers_serial_rivers_small_a,
          chequers_serial_rivers_micro_c, chequers_serial_rivers_micro_e

Skill      XL: |  1  2  3  4  5 |
---------------+----------------+-----
Stealth        | 6 7 8 |  8.0
Short Blades   | 3 |  3.4
Fighting       | |  2.0
Throwing       | |  2.0
Dodging        | |  1.0

Action                   |  1- 3 |  4- 6 || total
-------------------------+-------+-------++-------
Melee: Dagger            |    58 |    43 ||   101
       Constrict         |    11 |    14 ||    25
       Tentacles         |    11 |    10 ||    21
  Use: Scroll            |     1 |     2 ||     3
 Stab: Sleeping          |    11 |       ||    11
  Eat: Chunk             |     1 |     1 ||     2
       Ration            |       |     1 ||     1
Armor: Skin              |     3 |       ||     3
Dodge: Dodged            |    38 |    15 ||    53
